 Dungeon Crawl Stone Soup version 0.27.1-33-g824d729ab1 (webtiles) character file.

Game seed: 5804753028882624366

34 Adenis the Skirmisher (level 3, -1/34 HPs)
             Began as a Minotaur Berserker on Dec 6, 2021.
             Was a Follower of Trog.
             Slain by a kobold (5 damage)
             ... on level 2 of the Dungeon.
             The game lasted 00:02:19 (1111 turns).

Adenis the Skirmisher (Minotaur Berserker)          Turns: 1111, Time: 00:02:19

Health: -1/34      AC:  2    Str: 22    XL:     3   Next: 14%
Magic:  2/2        EV:  9    Int:  4    God:    Trog [*.....]
Gold:   42         SH:  9    Dex:  9    Spells: 2/2 levels left

rFire    + . .     SeeInvis .   a - +0 hand axe
rCold    x . .     Faith    .   k - +2 kite shield
rNeg     . . .     Spirit   .   b - +0 animal skin
rPois    .         Reflect  .   (helmet restricted)
rElec    .         Harm     .   (no cloak)
rCorr    .         Rampage  .   (no gloves)
Will     .....                  (no boots)
Stlth    +.........             (no amulet)
HPRegen  0.11/turn              g - ring of fire
MPRegen  0.08/turn              (no ring)

@: lethally poisoned (-1 -> -11)
A: horns 2, retaliatory headbutt
a: Renounce Religion, Berserk


You were on level 2 of the Dungeon.
You worshipped Trog.
Trog was aware of your devotion.
You visited 1 branch of the dungeon, and saw 2 of its levels.

You collected 42 gold pieces.

Inventory:

Hand Weapons
 a - a +0 hand axe (weapon)
Armour
 b - a +0 animal skin (worn)
 k - a +2 kite shield (worn)
Jewellery
 g - a ring of fire (left hand)
Scrolls
 d - a scroll of acquirement {unknown}
 e - a scroll of magic mapping {unknown}
 f - a scroll of torment {unknown}
 j - a scroll of immolation {unknown}
 l - a scroll of fog {unknown}
Potions
 c - a potion of ambrosia {unknown}
 h - a potion of flight {unknown}
 i - a potion of might {unknown}


   Skills:
 + Level 4.4 Fighting
 + Level 4.1 Axes
 + Level 2.7 Armour
 + Level 2.4 Dodging


You had 2 spell levels left.
You didn't know any spells.
Your spell library was empty.

Dungeon Overview and Level Annotations

Branches:
Dungeon (2/15)

Altars:

Shops:
D:1 (


Innate Abilities, Weirdness & Mutations

You have a pair of horns on your head.
You reflexively headbutt those who attack you in melee.


Message History

A goblin comes into view. It is wielding a +0 dagger.
The goblin shouts!
You hear an angry hiss.
A kobold comes into view.
It is wielding a +2 short sword of venom.
You block the goblin's attack.
The kobold shouts!
You hit the goblin.
You kill the goblin!
Trog accepts your kill.
You closely miss the goblin. The goblin hits you with a +0 dagger.
You block the goblin's attack.
Things that are here:
a +0 dagger; a goblin corpse You barely miss the goblin.
You headbutt the goblin.
You kill the goblin!
Trog accepts your kill. You block the kobold's attack.
Items here: $ ) ? †.
You block the kobold's attack.
Found a hunting sling.
The kobold hits you with a +2 short sword of venom.
The kobold hits you with a +2 short sword of venom.
You are poisoned.
You feel very sick. You block the kobold's attack.
Items here: $ ) ? †.
You feel very sick.
The kobold hits you with a +2 short sword of venom.
You are lethally poisoned!
Things that are here:
a +0 dagger; a goblin corpse You closely miss the kobold.
* * * LOW HITPOINT WARNING * * *
You feel very sick. You block the kobold's attack.
You completely miss the kobold. Your headbutt misses the kobold.
* * * LOW HITPOINT WARNING * * *
You feel very sick. You block the kobold's attack.
The kobold hits you with a +2 short sword of venom.
You die...

..#####......#############
>.................>.......
#.#####.##########.#######
###)## ######..# #....#
##....##.# #
#.#..###.$...##.#.###
#...................#
#..........#.....#.......
############)@.<...######
###.K...#.# #....####..#
.).........# #.#
###........# .. #........#
#.. #........# #....#...#
#.... ...#


You could see a kobold.

Vanquished Creatures
  An adder (D:2)
  A dart slug (D:1)
  2 ball pythons (D:1)
  3 bats (D:1)
  A giant cockroach (D:1)
  4 goblins
  4 hobgoblins (D:1)
  A quokka (D:1)
  A frilled lizard (D:1)
  3 kobolds
  A rat (D:1)
22 creatures vanquished.

Vanquished Creatures (others)
  A fungus (D:1)
  2 plants (D:1)
3 creatures vanquished.

Grand Total: 25 creatures vanquished

Notes
Turn   | Place    | Note
-------+----------+-------------------------------------------
     0 | D:1      | Adenis the Minotaur Berserker began the quest for the Orb.
     0 | D:1      | Reached XP level 1. HP: 19/19 MP: 0/0
   237 | D:1      | Found Uciano's Antique Weapon Emporium.
   307 | D:1      | Reached XP level 2. HP: 22/27 MP: 1/1
   962 | D:1      | Found a faded altar of an unknown god.
  1056 | D:2      | Reached XP level 3. HP: 31/34 MP: 2/2
  1111 | D:2      | Slain by a kobold

Illustrated notes

Levels and vault maps discovered:
D:1:      dpeg_arrival_three_smaller_balls, layout_rooms, serial_shops,
          nicolae_shop_stone, dreamdust_ecumenical_altar_hidden_monk_grotto,
          minmay_quantized
D:2:      layout_basic, kennysheep_potato

Skill      XL: |  1  2 |
---------------+-------+-----
Fighting       | 4 |  4.4
Axes           | 4 |  4.1
Armour         | |  2.7
Dodging        | |  2.4

Action                   || total
-------------------------++-------
Melee: Hand axe          ||    46
       Headbutt          ||     6
Armor: Animal skin       ||     9
Dodge: Dodged            ||    29
Block: Kite shield       ||     7
